 Dungeon Crawl Stone Soup version 0.22-a0-469-gf26638a (webtiles) character file.

60048 Laiders72 the Thaumaturge (level 14, -2/108 HPs)
             Began as a Gnoll Wizard on June 12, 2018.
             Was a High Priest of Ashenzari.
             Engulfed by a cloud of freezing vapour (11 damage)
             ... in an ice cave on June 13, 2018.
             The game lasted 02:19:37 (36266 turns).

Laiders72 the Thaumaturge (Gnoll Wizard)           Turns: 36266, Time: 02:19:38

Health: -2/108     AC:  9    Str: 11    XL:     14   Next: 97%
Magic:  29/29      EV: 26    Int: 25    God:    Ashenzari [*****.]
Gold:   1239       SH:  9    Dex: 13    Spells: 7/36 levels left

rFire    . . .     SeeInvis +   z - +6 flail of the Thirteen Lovers {crush, rElec} (curse)
rCold    + . .     Gourm    .   i - +2 buckler {AC+3} (curse)
rNeg     . . .     Faith    .   c - +1 robe {rC+}
rPois    .         Spirit   .   b - +0 hat
rElec    +         Reflect  .   S - +0 cloak {+Inv}
rCorr    .         Harm     .   (no gloves)
MR       +....     Clarity  +   B - +0 pair of boots
Stlth    +++++.....             (no amulet)
HPRegen  0.28/turn              k - ring of stealth (curse)
MPRegen  0.21/turn              F - ring of Phasing {EV+8} (curse)

@: no status effects
A: distributed training, fangs 1, strong nose
a: Curse Item, Scrying, Renounce Religion, Evoke Invisibility


You were in an ice cave.
You worshipped Ashenzari.
Ashenzari was extremely pleased with you.
You were hungry.

You visited 4 branches of the dungeon, and saw 20 of its levels.
You also visited: Ice Cave.

You collected 1499 gold pieces.
You spent 260 gold pieces at shops.

Inventory:

Hand Weapons
 z - the cursed +6 flail of the Thirteen Lovers (weapon) {crush, rElec}
   (You found it on level 7 of the Dungeon)

   It inflicts extra damage upon your enemies.
   It insulates you from electricity.
   It has a curse placed upon it.
Missiles
 v - 261 arrows
Armour
 b - a +0 hat (worn)
 c - a +1 robe of cold resistance (worn)
 f - a +0 shield of protection
 i - a cursed +2 buckler of protection (worn)
 B - a +0 pair of boots (worn)
 S - a +0 cloak of invisibility (worn)
Magical Staves
 n - an uncursed staff of air
 H - an uncursed staff of summoning
 I - an uncursed staff of earth
Jewellery
 a - an uncursed ring of flight
 k - a cursed ring of stealth (left hand)
 F - the cursed ring of Phasing (right hand) {EV+8}
   (You found it on level 9 of the Dungeon)

   [ring of evasion]

   It affects your evasion (+8).
   It has a curse placed upon it.
Wands
 p - a wand of digging (57)
 s - a wand of scattershot (4)
 C - a wand of flame (48)
 E - a wand of iceblast (13)
 K - a wand of paralysis (15)
 L - a wand of clouds (7)
 T - a wand of polymorph (15)
Scrolls
 e - 3 scrolls of amnesia
 g - 3 scrolls of noise
 h - 6 scrolls of remove curse
 l - 3 scrolls of enchant weapon
 m - 15 scrolls of identify
 o - 2 scrolls of blinking {unknown}
 r - 3 scrolls of teleportation
 t - 2 scrolls of fog
 w - a scroll of summoning {unknown}
 y - a scroll of immolation {unknown}
 A - 2 scrolls of magic mapping {unknown}
 N - 3 scrolls of fear {unknown}
 O - a scroll of enchant armour {unknown}
 Q - a scroll of vulnerability {unknown}
Potions
 j - 5 potions of brilliance
 q - a potion of lignification
 x - 5 potions of flight
 D - a potion of might
 J - 3 potions of haste
 M - 4 potions of mutation {unknown}
 R - a potion of agility
 U - a potion of resistance {unknown}
Miscellaneous
 u - 2 boxes of beasts
 G - a crystal ball of energy
 P - a phantom mirror
Comestibles
 d - 28 rations


   Skills:
 + Level 9.5 Fighting
 + Level 9.5 Short Blades
 + Level 9.5 Long Blades
 + Level 9.5 Axes
 + Level 9.5(13.3) Maces & Flails
 + Level 9.5 Polearms
 + Level 9.5 Staves
 + Level 9.5 Slings
 + Level 9.5 Bows
 + Level 9.5 Crossbows
 + Level 9.5 Throwing
 + Level 9.5 Armour
 + Level 10.5 Dodging
 + Level 10.3 Stealth
 + Level 9.5(12.0) Shields
 + Level 9.5 Unarmed Combat
 + Level 11.6 Spellcasting
 + Level 8.3(10.9) Conjurations
 + Level 7.9(10.6) Hexes
 + Level 7.9(10.6) Charms
 + Level 8.3(10.9) Summonings
 + Level 7.9(10.6) Necromancy
 + Level 8.3(10.9) Translocations
 + Level 7.9(10.6) Transmutations
 + Level 7.9(10.6) Fire Magic
 + Level 7.9(10.6) Ice Magic
 + Level 7.9(10.6) Air Magic
 + Level 7.9(10.6) Earth Magic
 + Level 7.9(10.6) Poison Magic
 + Level 10.3 Invocations
 + Level 9.5(12.0) Evocations


You had 7 spell levels left.
You knew the following spells:

 Your Spells              Type           Power        Failure   Level  Hunger
a - Magic Dart            Conj           ####         1%          1    None
b - Blink                 Tloc           N/A          1%          2    None
c - Call Imp              Summ           ######..     1%          2    None
d - Conjure Flame         Conj/Fire      ######..     1%          3    None
e - Mephitic Cloud        Conj/Pois/Air  ######..     1%          3    None
f - Tukima's Dance        Hex            ######..     1%          3    None
g - Confuse               Hex            ######..     1%          3    None
h - Stone Arrow           Conj/Erth      ######       1%          3    None
i - Lee's Rapid Deconstr  Erth           ######....   1%          5    ###....
j - Animate Dead          Necr           N/A          1%          4    None

Your spell library contained the following spells:

 Spells                   Type           Power        Failure   Level  Hunger
 Slow                     Hex            ######..     1%          2    None
 Pain                     Necr           ####         1%          1    None
 Animate Skeleton         Necr           N/A          1%          1    None
 Vampiric Draining        Necr           ######....   1%          3    None
 Regeneration             Chrm/Necr      ######....   1%          3    None
 Passwall                 Tmut/Erth      ######..     1%          2    None
 Ensorcelled Hibernation  Hex/Ice        ######       1%          2    None
 Corona                   Hex            ######.      1%          1    None
 Sandblast                Erth           ######       1%          1    None
 Petrify                  Tmut/Erth      ######..     1%          4    None
 Dazzling Spray           Conj/Hex       ######       1%          3    None


Dungeon Overview and Level Annotations

Branches:
Dungeon (12/15)            Temple (1/1) D:5            Lair (6/6) D:11
  Swamp (1/4) Lair:3        Snake (0/4) Lair:4        Slime (0/5) Lair:5
    Orc (0/2) D:11

Altars:
Ashenzari
Dithmenos
Elyvilon
Fedhas
Gozag
Kikubaaqudgha
Makhleb
Nemelex Xobeh
Okawaru
Qazlal
Ru
Sif Muna
Uskayaw
Vehumet
Wu Jian
Xom
Yredelemnul
Zin
The Shining One

Shops:
D:4 }}[(!   D:6 [?   D:8 [

Annotations:
D:6 exclusion: statue
D:10 Gastronok
Swamp:1 Aizul


Innate Abilities, Weirdness & Mutations

Your experience applies equally to all skills.
You have very sharp teeth.
Your uncanny sense of smell can sniff out nearby items.


Message History

You are engulfed in freezing vapours.
You resist.
* * * LOW HITPOINT WARNING * * *
You are engulfed in freezing vapours.
You resist.
* * * LOW HITPOINT WARNING * * *
Okay, then.
Okay, then.
Casting: Stone Arrow (safe; 1% risk of failure)
Confirm with . or Enter, or press ? or * to list all spells.
Okay, then.
As you read the scroll of fog, it crumbles to dust.
The scroll dissolves into smoke.
You are engulfed in freezing vapours.
You resist.
* * * LOW HITPOINT WARNING * * *
You are engulfed in freezing vapours.
You resist.
* * * LOW HITPOINT WARNING * * *
You are feeling hungry.
You enter the shallow water.
Moving in this stuff is going to be slow.
You are engulfed in freezing vapours.
You resist.
You die...

*##..#####.##≈ ***
##..###.(.# * , *
##......## *{*,
*≈≈ #.≈..#..# *,,
* ##.###..#{ * *
*≈≈########.#,* ≈
##.##.##..# {*** ,
##.##.≈...## .#
#.#@.....##,**.§#*
, #§§#..####*
#§#≈≈ *
#§##.##≈≈*##...#
*, #§#### ≈ .#..#
≈ ,*
##≈#*≈≈≈##.≈.#
#.## ≈≈#§§.# ≈≈ *
#..## ##.# * ,
##..###.##≈ *, **
*#.§##..# , ,,,*


There were no monsters in sight!

Vanquished Creatures
  2 fire dragons (Lair:6)
  3 hydras
  Erolcha (D:12)
  An ice dragon (Swamp:1)
  A centaur warrior (D:11)
  7 two-headed ogres
  The ghost of junkhipster the Basher, a journeyman GrFi of Okawaru (D:11)
  9 death yaks
  Urug (Lair:3)
  Sonja (Lair:3)
  An unseen horror (D:11)
  A swamp dragon (Lair:6)
  A lindwurm (Lair:6)
  A deep elf mage (D:12)
  An oklob plant (Lair:5)
  2 ugly things
  A cyclops (D:10)
  A manticore (shapeshifter) (D:9)
  4 elephants
  Joseph (D:9)
  2 centaur zombies (D:12)
  An ice statue (IceCv)
  5 black mambas
  8 spiny frogs
  Psyche (D:8)
  4 torpor snails (Lair:6)
  3 rime drakes
  2 kobold demonologists
  7 komodo dragons
  2 freezing wraiths (IceCv)
  A queen bee (Lair:5)
  2 polar bears
  3 meliai (Lair:5)
  6 trolls
  8 hornets
  5 tyrant leeches
  3 bog bodies (Lair:3)
  9 hippogriffs
  8 blink frogs
  12 dream sheep
  2 wyverns
  A spriggan (Lair:2)
  26 yaks
  2 wraiths
  A vampire mosquito (D:9)
  A death yak simulacrum (IceCv)
  2 basilisks
  A hungry ghost (D:10)
  A swamp worm (Lair:3)
  An acid dragon (Lair:6)
  5 porcupines
  10 water moccasins
  3 swamp drakes (Lair:6)
  5 orc warriors
  2 ettin simulacra (IceCv)
  4 ice beasts
  2 black bears
  4 phantoms
  3 necrophages
  11 ogres
  3 sky beasts
  An eye of draining (D:12)
  9 wolves
  3 centaurs
  12 crocodiles
  6 big kobolds
  10 bullfrogs
  2 scorpions
  2 troll zombies (D:11)
  29 killer bees
  2 wights (D:10)
  3 electric eels (Lair:3)
  13 crimson imps
  A howler monkey (D:12)
  5 bullfrog zombies
  2 draconian simulacra (IceCv)
  3 jellies
  11 hounds
  3 orc wizards
  6 orc priests
  Crazy Yiuf (D:2)
  2 bullfrog skeletons
  A centaur skeleton (D:12)
  12 worker ants
  8 iguanas
  4 ogre zombies (D:11)
  A centaur simulacrum (IceCv)
  3 hound zombies
  Robin (D:2)
  2 worker ant zombies
  10 adders
  2 naga simulacra (IceCv)
  2 ogre simulacra (IceCv)
  2 shadow imps
  A white imp (IceCv)
  An ufetubus (IceCv)
  An ooze (D:1)
  2 adder skeletons (D:5)
  A worm (D:5)
  A dart slug (D:3)
  5 leopard geckos
  40 orcs
  3 ball pythons
  5 giant cockroaches
  22 goblins
  11 hobgoblins
  17 jackals
  37 kobolds
  7 quokkas
  11 bats
  8 frilled lizards
  A goblin skeleton (D:11)
  A goblin zombie (D:11)
  2 hobgoblin zombies (D:11)
  2 jackal skeletons
  2 orc skeletons (D:11)
  12 orc zombies (D:11)
  A quokka skeleton (D:6)
  A quokka zombie (D:7)
  8 rats
  A fungus (Lair:5)
601 creatures vanquished.

Vanquished Creatures (collateral kills)
  A two-headed ogre (D:9)
  A scorpion (D:10)
  3 wights (D:10)
  A killer bee (D:7)
  2 orc priests
  2 adders
  A shadow imp (D:8)
  A worm (D:2)
  An orc (D:8)
  A giant cockroach (D:1)
  An orc zombie (D:11)
15 creatures vanquished.

Vanquished Creatures (others)
  The ghost of Laiders72 the Magician, a novice GnWz of Ashenzari (D:5)
  A dancing weapon (D:11)
  A white imp (IceCv)
  5 ufetubi (IceCv)
  8 fungi
  24 plants
40 creatures vanquished.

Grand Total: 656 creatures vanquished

Notes
Turn   | Place    | Note
-------+----------+-------------------------------------------
     0 | D:1      | Laiders72 the Gnoll Wizard began the quest for the Orb.
     0 | D:1      | Reached XP level 1. HP: 13/13 MP: 8/8
   126 | D:1      | Reached XP level 2. HP: 19/19 MP: 1/10
   338 | D:1      | Learned a level 2 spell: Blink
   341 | D:1      | Learned a level 2 spell: Call Imp
   485 | D:1      | Reached XP level 3. HP: 25/25 MP: 9/11
   988 | D:1      | Reached skill level 1 in Invocations
  1086 | D:2      | Reached skill level 1 in Fighting
  1086 | D:2      | Reached skill level 1 in Short Blades
  1086 | D:2      | Reached skill level 1 in Long Blades
  1086 | D:2      | Reached skill level 1 in Axes
  1086 | D:2      | Reached skill level 1 in Maces & Flails
  1086 | D:2      | Reached skill level 1 in Polearms
  1086 | D:2      | Reached skill level 1 in Staves
  1086 | D:2      | Reached skill level 1 in Slings
  1086 | D:2      | Reached skill level 1 in Bows
  1086 | D:2      | Reached skill level 1 in Crossbows
  1086 | D:2      | Reached skill level 1 in Throwing
  1086 | D:2      | Reached skill level 1 in Armour
  1086 | D:2      | Reached skill level 1 in Shields
  1086 | D:2      | Reached skill level 1 in Unarmed Combat
  1086 | D:2      | Reached skill level 1 in Evocations
  1111 | D:2      | Reached XP level 4. HP: 6/32 MP: 4/13
  1126 | D:2      | Noticed Robin
  1374 | D:1      | Learned a level 3 spell: Conjure Flame
  1378 | D:1      | Learned a level 3 spell: Mephitic Cloud
  2035 | D:2      | Killed Robin
  2137 | D:2      | Reached skill level 1 in Hexes
  2137 | D:2      | Reached skill level 1 in Charms
  2137 | D:2      | Reached skill level 1 in Necromancy
  2137 | D:2      | Reached skill level 1 in Transmutations
  2137 | D:2      | Reached skill level 1 in Fire Magic
  2137 | D:2      | Reached skill level 1 in Ice Magic
  2137 | D:2      | Reached skill level 1 in Air Magic
  2137 | D:2      | Reached skill level 1 in Earth Magic
  2137 | D:2      | Reached skill level 1 in Poison Magic
  2300 | D:2      | Found a runed door.
  2304 | D:2      | Noticed Crazy Yiuf
  2312 | D:2      | Killed Crazy Yiuf
  2312 | D:2      | Reached XP level 5. HP: 37/37 MP: 3/14
  2442 | D:3      | Found a shimmering altar of Xom.
  2442 | D:3      | Found a burning altar of Makhleb.
  2536 | D:3      | Found a deep blue altar of Sif Muna.
  2537 | D:3      | Found a stormy altar of Qazlal.
  3000 | D:2      | Reached XP level 6. HP: 12/44 MP: 4/16
  3623 | D:4      | Found Fyep Xag's Weapon Shop.
  3646 | D:4      | Reached skill level 5 in Dodging
  3819 | D:4      | Found Firarrixy's Distillery.
  3872 | D:4      | Found an iron altar of Okawaru.
  3972 | D:4      | HP: 1/44 [worker ant (3)]
  3985 | D:4      | HP: 3/66 [orc/flail (4)]
  4318 | D:4      | Found Pit Irphauz's Gadget Emporium.
  4364 | D:4      | Noticed a hand axe
  4365 | D:4      | Noticed a dagger
  4368 | D:4      | Found a hide-covered altar of Uskayaw.
  4397 | D:4      | Reached XP level 7. HP: 50/50 MP: 4/18
  4650 | D:4      | Found Etoade's Armour Shop.
  4675 | D:4      | Found Tibiwegroatt's Gadget Shop.
  4794 | D:5      | Entered Level 5 of the Dungeon
  4834 | D:4      | HP: 2/51 [poisoned by a worker ant]
  4841 | D:4      | HP: 2/51 [poisoned by a worker ant]
  4849 | D:4      | HP: 1/51 [poisoned by a worker ant]
  5177 | D:5      | Found a shimmering altar of Xom.
  5359 | D:5      | Killed Laiders72's ghost
  5445 | D:5      | Found a staircase to the Ecumenical Temple.
  5455 | Temple   | Entered the Ecumenical Temple
  5488 | Temple   | Became a worshipper of Ashenzari the Shackled
  5601 | D:5      | Reached skill level 5 in Stealth
  5894 | D:5      | Found a sacrificial altar of Ru.
  6036 | D:5      | Reached XP level 8. HP: 45/57 MP: 19/19
  6455 | D:5      | Found a blossoming altar of Fedhas.
  6786 | D:6      | Found an opulent altar of Gozag.
  6786 | D:6      | Found a white marble altar of Elyvilon.
  7147 | D:6      | Found Zatany Zopu's Magic Scroll Shoppe.
  7154 | D:6      | Reached skill level 8 in Spellcasting
  7186 | D:6      | Bought a scroll of identify for 24 gold pieces
  7319 | D:6      | Found Gadghael's Armour Shop.
  7325 | D:6      | Bought a +2 buckler of protection for 236 gold pieces
  7729 | D:6      | Found a radiant altar of Vehumet.
  8124 | D:6      | Reached XP level 9. HP: 32/65 MP: 9/21
  9165 | D:7      | Found a sparkling altar of Nemelex Xobeh.
  9250 | D:7      | Got the flail of the Thirteen Lovers {crush, rElec}
  9251 | D:7      | Identified the +6 flail of the Thirteen Lovers {crush, rElec} (You found it on level 7 of the Dungeon)
  9523 | D:8      | Reached * piety under Ashenzari
  9696 | D:8      | Found Ogagen's Armour Shoppe.
  9982 | D:8      | Found a shadowy altar of Dithmenos.
 10143 | D:8      | Noticed Psyche
 10176 | D:8      | Killed Psyche
 10176 | D:8      | Reached skill level 5 in Invocations
 10531 | D:8      | Reached XP level 10. HP: 73/73 MP: 16/22
 10804 | D:9      | Reached skill level 5 in Fighting
 10804 | D:9      | Reached skill level 5 in Short Blades
 10804 | D:9      | Reached skill level 5 in Long Blades
 10804 | D:9      | Reached skill level 5 in Axes
 10804 | D:9      | Reached skill level 5 in Maces & Flails
 10804 | D:9      | Reached skill level 5 in Polearms
 10804 | D:9      | Reached skill level 5 in Staves
 10804 | D:9      | Reached skill level 5 in Slings
 10804 | D:9      | Reached skill level 5 in Bows
 10804 | D:9      | Reached skill level 5 in Crossbows
 10804 | D:9      | Reached skill level 5 in Throwing
 10804 | D:9      | Reached skill level 5 in Armour
 10804 | D:9      | Reached skill level 5 in Shields
 10804 | D:9      | Reached skill level 5 in Unarmed Combat
 10804 | D:9      | Reached skill level 5 in Evocations
 11027 | D:9      | Found the ring of Phasing {EV+8}
 11187 | D:9      | Noticed a two-headed ogre
 11202 | D:9      | Killed a two-headed ogre
 11202 | D:9      | Reached skill level 9 in Spellcasting
 11393 | D:9      | Noticed Joseph
 11415 | D:9      | Killed Joseph
 11492 | D:9      | Reached skill level 5 in Conjurations
 11492 | D:9      | Reached skill level 5 in Summonings
 11492 | D:9      | Reached skill level 5 in Translocations
 11876 | D:10     | Entered Level 10 of the Dungeon
 11892 | D:10     | Noticed Gastronok
 12228 | D:10     | Noticed a moth of wrath
 12254 | D:10     | Noticed a two-headed ogre
 12308 | D:10     | Killed a two-headed ogre
 12308 | D:10     | Reached XP level 11. HP: 78/81 MP: 0/24
 12507 | D:10     | Noticed a swamp dragon
 12541 | D:10     | Reached ** piety under Ashenzari
 13353 | D:9      | Learned a level 3 spell: Tukima's Dance
 13357 | D:9      | Learned a level 3 spell: Confuse
 13458 | D:10     | Noticed a death drake
 13479 | D:10     | Noticed a cyclops
 13492 | D:10     | Noticed a manticore
 13492 | D:10     | a death drake changed into a manticore
 13753 | D:9      | Killed a manticore
 13753 | D:9      | Reached skill level 5 in Hexes
 13753 | D:9      | Reached skill level 5 in Charms
 13753 | D:9      | Reached skill level 5 in Necromancy
 13753 | D:9      | Reached skill level 5 in Transmutations
 13753 | D:9      | Reached skill level 5 in Fire Magic
 13753 | D:9      | Reached skill level 5 in Ice Magic
 13753 | D:9      | Reached skill level 5 in Air Magic
 13753 | D:9      | Reached skill level 5 in Earth Magic
 13753 | D:9      | Reached skill level 5 in Poison Magic
 14075 | D:10     | Killed a cyclops
 14267 | D:10     | Noticed a four-headed hydra
 14311 | D:10     | Killed a four-headed hydra
 14602 | D:10     | Noticed a brown ugly thing
 14629 | D:10     | Killed a brown ugly thing
 15630 | D:11     | Noticed a two-headed ogre
 15660 | D:11     | Noticed a sun demon
 15987 | D:10     | Killed a two-headed ogre
 16312 | D:11     | Noticed a two-headed ogre
 16331 | D:11     | Killed a two-headed ogre
 16346 | D:11     | Noticed a two-headed ogre
 16369 | D:11     | Killed a two-headed ogre
 16369 | D:11     | Reached XP level 12. HP: 85/89 MP: 10/25
 16424 | D:11     | Found a staircase to the Orcish Mines.
 16858 | D:11     | Found a staircase to the Lair.
 16858 | D:11     | Noticed a death yak
 16864 | D:11     | Noticed a death yak
 16865 | D:11     | Noticed a death yak
 16870 | D:11     | Noticed a death yak
 16881 | D:11     | Noticed a death yak
 16887 | D:11     | Killed a death yak
 16887 | D:11     | Reached skill level 10 in Spellcasting
 17120 | D:11     | Noticed junkhipster's ghost (journeyman GrFi)
 17740 | D:9      | Killed a death yak
 17759 | D:9      | HP: 4/91 [death yak (27)]
 17771 | D:9      | Killed a death yak
 18249 | D:11     | Noticed a centaur warrior
 18256 | D:11     | Killed a centaur warrior
 18528 | D:11     | Noticed a two-headed ogre
 18544 | D:11     | Killed a two-headed ogre
 19359 | D:11     | Noticed a two-headed ogre
 19373 | D:11     | Killed a two-headed ogre
 20050 | D:11     | Killed junkhipster's ghost
 20482 | D:11     | Killed a death yak
 20492 | D:11     | HP: 1/91 [death yak (20)]
 20867 | D:11     | HP: 4/91 [death yak (23)]
 21521 | D:12     | Noticed Erolcha
 21551 | D:12     | Killed Erolcha
 21731 | D:12     | Reached *** piety under Ashenzari
 22114 | D:12     | Noticed a two-headed ogre
 22128 | D:12     | Killed a two-headed ogre
 22276 | D:12     | Reached XP level 13. HP: 91/98 MP: 22/27
 23260 | Lair:1   | Entered Level 1 of the Lair of Beasts
 24475 | Lair:1   | Reached **** piety under Ashenzari
 24709 | Lair:2   | Learned a level 3 spell: Stone Arrow
 24715 | Lair:2   | Learned a level 5 spell: Lee's Rapid Deconstruction
 24847 | Lair:2   | HP: 3/98 [porcupine (5)]
 26997 | Lair:3   | Reached skill level 11 in Spellcasting
 27000 | Lair:3   | Noticed Urug
 27008 | Lair:3   | Killed Urug
 27084 | Lair:3   | Found a staircase to the Swamp.
 27387 | Lair:3   | Learned a level 4 spell: Animate Dead
 27397 | Lair:3   | Noticed Sonja
 27411 | Lair:3   | Killed Sonja
 27595 | Lair:3   | Reached ***** piety under Ashenzari
 27878 | Lair:4   | Found a staircase to the Snake Pit.
 28678 | Lair:5   | Reached XP level 14. HP: 106/106 MP: 29/29
 28993 | Lair:5   | Found a staircase to the Slime Pits.
 29947 | Lair:5   | Reached skill level 10 in Dodging
 30867 | Lair:6   | Entered Level 6 of the Lair of Beasts
 31627 | Lair:6   | Reached skill level 10 in Stealth
 32617 | Lair:6   | Found a runed door.
 32637 | Lair:6   | Reached skill level 10 in Invocations
 35497 | Swamp:1  | Entered Level 1 of the Swamp
 35497 | Swamp:1  | Noticed Aizul
 35497 | Swamp:1  | Noticed a thorn hunter
 35696 | Swamp:1  | Found a frozen archway.
 35719 | IceCv    | Entered an ice cave
 36248 | IceCv    | HP: 3/108 [something (7)]
 36266 | IceCv    | Engulfed by a cloud of freezing vapour

Vault maps used:
D:1:      dpeg_arrival_orchard, minmay_misc_feat_five
D:2:      corner_web_ring, uniq_robin, uniq_crazy_yiuf_cottage
D:3:      nicolae_overflow_quartered_altars, minmay_goblin_outpost
D:4:      kennysheep_okawaru_gauntlet, dancing_weapons_uskayaw, serial_shops,
          shop_fountains, nicolae_shop_window_shopping, shop,
          kennysheep_mini_moat, nicolae_shop_stone
D:5:      nicolae_ru_sacrificial_ziggurat, lemuel_round_altar,
          lemuel_temple_firewalk_b, first_ration, basic_altar
D:6:      vehumet_statue, grunt_temple_overflow_open, serial_shops,
          nicolae_shop_trees, kennysheep_little_box
D:7:      nemelex_lonely_heart_becter
D:8:      grunt_dithmenos_smoke_and_mirrors, serial_shops, shop_fountains,
          kennysheep_cluttered_room, uniq_psyche
D:9:      blue_anna_alchemist, eino_tiny_chamber, uniq_joseph
D:10:     minmay_the_grid_octo_2x2, uniq_gastronok
D:11:     dpeg_lair_monsters, zombieorc1_lemuel
D:12:     lab_entry_generic, uniq_erolcha
Temple:   cyrus_temple_forest
Lair:2:   grunt_forest_large_clearing_hut, grunt_megastairs_2
Lair:3:   nicolae_swamp_entry_splash_gauntlet, infiniplex_staircase_pool_2,
          serial_bayou_shore_a, uniq_sonja, uniq_urug
Lair:4:   dummy_snake_entry
Lair:5:   minmay_slime_entry_oklob_enclosed, special_room
Lair:6:   guppyfry_lair_end_dragon, wormcave, patterned_corridor,
          grunt_megastairs_1, infiniplex_staircase_pool
Swamp:1:  portal_ice_cave_entry_dragon, nicolae_swamp_fairy_circle, uniq_aizul
IceCv:    ice_cave_caverns_02

Skill      XL: |  1  2  3  4  5  6  7  8  9 10 11 12 13 14 |
---------------+-------------------------------------------+-----
Conjurations   | 2 3 4 5 6 7 8 |  8.3
Summonings     | 2 3 4 5 6 7 8 |  8.3
Translocations | 2 3 4 5 6 7 8 |  8.3
Invocations    | 1 2 3 4 5 6 7 8 9 10 | 10.3
Fighting       | 1 2 3 4 5 6 7 8 9 |  9.5
Short Blades   | 1 2 3 4 5 6 7 8 9 |  9.5
Long Blades    | 1 2 3 4 5 6 7 8 9 |  9.5
Axes           | 1 2 3 4 5 6 7 8 9 |  9.5
Maces & Flails | 1 2 3 4 5 6 7 8 9 |  9.5
Polearms       | 1 2 3 4 5 6 7 8 9 |  9.5
Staves         | 1 2 3 4 5 6 7 8 9 |  9.5
Slings         | 1 2 3 4 5 6 7 8 9 |  9.5
Bows           | 1 2 3 4 5 6 7 8 9 |  9.5
Crossbows      | 1 2 3 4 5 6 7 8 9 |  9.5
Throwing       | 1 2 3 4 5 6 7 8 9 |  9.5
Armour         | 1 2 3 4 5 6 7 8 9 |  9.5
Shields        | 1 2 3 4 5 6 7 8 9 |  9.5
Unarmed Combat | 1 2 3 4 5 6 7 8 9 |  9.5
Evocations     | 1 2 3 4 5 6 7 8 9 |  9.5
Hexes          | 1 2 3 4 5 6 7 |  7.9
Charms         | 1 2 3 4 5 6 7 |  7.9
Necromancy     | 1 2 3 4 5 6 7 |  7.9
Transmutations | 1 2 3 4 5 6 7 |  7.9
Fire Magic     | 1 2 3 4 5 6 7 |  7.9
Ice Magic      | 1 2 3 4 5 6 7 |  7.9
Air Magic      | 1 2 3 4 5 6 7 |  7.9
Earth Magic    | 1 2 3 4 5 6 7 |  7.9
Poison Magic   | 1 2 3 4 5 6 7 |  7.9
Dodging        | 5 6 7 8 9 10 | 10.5
Stealth        | 5 6 7 8 9 10 | 10.3
Spellcasting   | 8 9 10 11 | 11.6

Action                   |  1- 3 |  4- 6 |  7- 9 | 10-12 | 13-15 || total
-------------------------+-------+-------+-------+-------+-------++-------
Melee: Unarmed           |    32 |    56 |       |       |       ||    88
       Bite              |     1 |    10 |    14 |    57 |    73 ||   155
       Mace              |       |    56 |   115 |       |       ||   171
       Flail             |       |       |    55 |   808 |   691 ||  1554
 Cast: Magic Dart        |    58 |   165 |   333 |   306 |    76 ||   938
       Blink             |     6 |    11 |    11 |    21 |    34 ||    83
       Call Imp          |     6 |     6 |    14 |    34 |     3 ||    63
       Mephitic Cloud    |       |    12 |     8 |     8 |     2 ||    30
       Conjure Flame     |       |     1 |    10 |    16 |       ||    27
       Confuse           |       |       |       |    41 |    32 ||    73
       Tukima's Dance    |       |       |       |     9 |       ||     9
       Stone Arrow       |       |       |       |       |   219 ||   219
       Lee's Rapid Decon |       |       |       |       |    62 ||    62
       Animate Dead      |       |       |       |       |     1 ||     1
Invok: Curse Item        |       |       |     2 |     1 |     1 ||     4
Evoke: Wand              |       |       |       |       |     3 ||     3
       Crystal ball of e |       |       |       |       |     1 ||     1
  Use: Scroll            |     2 |     2 |       |     9 |     3 ||    16
       Potion            |     2 |     4 |       |     6 |     3 ||    15
 Stab: Sleeping          |       |     1 |     1 |     7 |     5 ||    14
       Distracted        |       |       |     2 |       |       ||     2
       Confused          |       |       |     1 |    11 |    16 ||    28
  Eat: Chunk             |       |    11 |    19 |     8 |    28 ||    66
       Ration            |       |       |       |     9 |     7 ||    16
Armor: Robe              |    16 |    30 |    74 |   120 |    67 ||   307
       Skin              |       |    16 |       |     6 |       ||    22
Dodge: Dodged            |    68 |   131 |   188 |   932 |   594 ||  1913
Block: Buckler           |       |       |    51 |   430 |   291 ||   772

Table legend:
 A = Spawn XP
 B = Non-spawn XP
 C = Spawn XP percentage of total XP
 D = Spawn monster count
 E = Non-spawn monster count
 F = Spawn count percentage of total count
 G = Total turns spent on level
                    A         B        C        D         E        F      G
               +---------+---------+-------+---------+---------+-------+---------
         Total |       0 |   85784 |   0.0 |       0 |     615 |   0.0 | 36266
               +---------+---------+-------+---------+---------+-------+---------
           D:1 |       0 |      65 |   0.0 |       0 |      34 |   0.0 |  1642
           D:2 |       0 |     154 |   0.0 |       0 |      38 |   0.0 |  1204
           D:3 |       0 |     132 |   0.0 |       0 |      30 |   0.0 |   771
           D:4 |       0 |     403 |   0.0 |       0 |      24 |   0.0 |  1525
           D:5 |       0 |     808 |   0.0 |       0 |      24 |   0.0 |  1519
           D:6 |       0 |     931 |   0.0 |       0 |      21 |   0.0 |  2024
           D:7 |       0 |     763 |   0.0 |       0 |      24 |   0.0 |   754
           D:8 |       0 |    1493 |   0.0 |       0 |      26 |   0.0 |  1440
           D:9 |       0 |    5838 |   0.0 |       0 |      36 |   0.0 |  3089
          D:10 |       0 |    7704 |   0.0 |       0 |      52 |   0.0 |  4265
          D:11 |       0 |   10763 |   0.0 |       0 |      72 |   0.0 |  3468
          D:12 |       0 |    5538 |   0.0 |       0 |      36 |   0.0 |  1795
        Lair:1 |       0 |    3206 |   0.0 |       0 |      13 |   0.0 |  1410
        Lair:2 |       0 |    5737 |   0.0 |       0 |      21 |   0.0 |  1312
        Lair:3 |       0 |    8973 |   0.0 |       0 |      39 |   0.0 |  1581
        Lair:4 |       0 |    2508 |   0.0 |       0 |      10 |   0.0 |  1365
        Lair:5 |       0 |    8653 |   0.0 |       0 |      34 |   0.0 |  2503
        Lair:6 |       0 |   18707 |   0.0 |       0 |      63 |   0.0 |  3764
       Swamp:1 |       0 |    1651 |   0.0 |       0 |       3 |   0.0 |   222
         IceCv |       0 |    1757 |   0.0 |       0 |      15 |   0.0 |   547
               +---------+---------+-------+---------+---------+-------+---------
